 Dungeon Crawl Stone Soup version 0.20-a0-1111-g4e342e6 (webtiles) character file.

105 HereIgoKillingAgain the Chopper (level 4, -5/39 HPs)
             Began as a Hill Orc Fighter on May 6, 2017.
             Killed from afar by an orc wizard (9 damage)
             ... with a puff of flame
             ... on level 4 of the Dungeon.
             The game lasted 00:01:50 (1783 turns).

HereIgoKillingAgain the Chopper (Hill Orc Fighter)  Turns: 1783, Time: 00:01:50

Health: -5/39      AC:  6    Str: 18    XL:     4   Next: 81%
Magic:  4/4        EV:  7    Int:  9    God:
Gold:   41         SH:  0    Dex: 10    Spells: 3/3 levels left

rFire    . . .     SeeInvis .   a - +0 war axe
rCold    . . .     Gourm    .   c - +0 shield
rNeg     . . .     Faith    .   b - +0 scale mail
rPois    .         Spirit   .   (no helmet)
rElec    .         Reflect  .   (no cloak)
rCorr    .         Harm     .   (no gloves)
MR       .....                  (no boots)
Stlth    ..........             (no amulet)
Regen    0.2/turn               (no ring)
MPRegen  0.1/turn               (no ring)

@: confused
A: no striking features
a: no special abilities


You were on level 4 of the Dungeon.
You were very hungry.

You visited 1 branch of the dungeon, and saw 4 of its levels.

You collected 131 gold pieces.
You spent 90 gold pieces at shops.

Inventory:

Hand Weapons
 a - a +0 war axe (weapon)
Armour
 b - a +0 scale mail (worn)
 c - a +0 shield (worn)
Jewellery
 k - an uncursed amulet of rage {unknown}
Scrolls
 e - 4 scrolls of identify {unknown}
 g - 5 scrolls of blinking {unknown}
 h - 3 scrolls of remove curse {unknown}
 m - 3 scrolls of amnesia {unknown}
 p - a scroll of fog {unknown}
 q - 2 scrolls of enchant weapon {unknown}
 r - 2 scrolls of teleportation {unknown}
Potions
 d - 2 potions of might
 j - a potion of degeneration {unknown}
 l - 2 potions of brilliance {unknown}
 n - a potion of lignification {unknown}
 s - a potion of resistance {unknown}
Comestibles
 f - 4 bread rations
 o - 2 fruits
 t - a royal jelly


   Skills:
 - Level 3.6 Fighting
 + Level 6.4 Axes
 - Level 3.2 Armour
 - Level 3.2 Shields


You had 3 spell levels left.
You didn't know any spells.

Dungeon Overview and Level Annotations

Branches:
Dungeon (4/15)
 Temple: D:4-7

Altars:
Nemelex Xobeh
Zin


Message History

* * * LOW HITPOINT WARNING * * *
You miss something. Something hits you but does no damage.
You closely miss something. Something hits you but does no damage.
You hear some strange, mumbled words.
You are confused.
You're too confused to move!
Something hits you.
* * * LOW HITPOINT WARNING * * *
You hear some strange, mumbled words.
You are more confused.
You hear some strange, mumbled words.
A magic dart appears from out of thin air!
The magic dart hits you!
* * * LOW HITPOINT WARNING * * *
Something hits you but does no damage.
You see here a short sword.
You're too confused to move!
Something hits you but does no damage.
You hear some strange, mumbled words.
A puff of flame appears from out of thin air!
The puff of flame hits you!
You die...

#....
#####.#.#####..#
#..........##..#
#..........##..##
#.###.#.#.......#
..##.#.#.###...###
#.....#.).......#
#........#...#.#
#.#.#...)@......#
#.#.....).......#
#..#........##..#
...###.###.####..#
.. .#..# #.# #..# .
#.#.# #..###..##
#.#.# #......#.#####
#.#.# #...#.###....#
#.#.####..##.#.###.#


There were no monsters in sight!

Vanquished Creatures
  A howler monkey skeleton (D:4)
  An ooze (D:2)
  5 worms
  2 dart slugs
  A leopard gecko (D:3)
  6 orcs
  5 bats
  4 giant cockroaches
  8 goblins
  8 hobgoblins
  9 kobolds
  A ball python (D:2)
  7 frilled lizards
  7 rats
65 creatures vanquished.

Notes
Turn   | Place    | Note
-------+----------+-------------------------------------------
     0 | D:1      | HereIgoKillingAgain the Hill Orc Fighter began the quest for the Orb.
     0 | D:1      | Reached XP level 1. HP: 19/19 MP: 1/1
    44 | D:1      | Reached skill level 3 in Axes
   121 | D:1      | Reached XP level 2. HP: 22/26 MP: 2/2
   344 | D:1      | Reached skill level 4 in Axes
   549 | D:2      | Reached XP level 3. HP: 26/31 MP: 3/3
   601 | D:2      | Reached skill level 5 in Axes
   933 | D:2      | Found a sparkling altar of Nemelex Xobeh.
  1037 | D:3      | Reached XP level 4. HP: 34/39 MP: 4/4
  1234 | D:3      | Found Zin's Purification Station.
  1235 | D:3      | Found a glowing silver altar of Zin.
  1261 | D:3      | Bought a potion of curing for 90 gold pieces
  1474 | D:3      | Reached skill level 6 in Axes
  1771 | D:4      | HP: 1/39 [something/puff of flame (10)]
  1783 | D:4      | Killed from afar by an orc wizard

Vault maps used:
D:1:      minmay_arrival_semitransparent
D:2:      marbit_many_paths
D:3:      zin_purify, minmay_quantized
D:4:      cheibrodos_sewer_entry_drain, grunt_decor_resistance,
          grunt_ministairs_13, hangedman_abyss_or_decor_slice

Skill      XL: |  1  2  3  4 |
---------------+-------------+-----
Axes           | 3 4 5 6 |  6.4
Fighting       | |  3.6
Armour         | |  3.2
Shields        | |  3.2

Action                   |  1- 3 |  4- 6 || total
-------------------------+-------+-------++-------
Melee: War axe           |   119 |    87 ||   206
  Use: Potion            |       |     2 ||     2
  Eat: Chunk             |       |     2 ||     2
Armor: Scale mail        |    47 |    45 ||    92
Dodge: Dodged            |    30 |    11 ||    41
Block: Shield            |    41 |    32 ||    73
